 Dungeon Crawl Stone Soup version 0.26-a0-667-g92642533e4 (webtiles) character file.

Game seed: 11074205249617675798

177 dmitrys the Changer (level 5, -3/40 HPs)
             Began as a Draconian Transmuter on Oct 16, 2020.
             Slain by a gnoll
             ... wielding a +0 spear
              (6 damage)
             ... on level 4 of the Dungeon.
             The game lasted 00:09:33 (3013 turns).

dmitrys the Changer (Draconian Transmuter)          Turns: 3013, Time: 00:09:33

Health: -3/40      AC:  7    Str: 13    XL:     5   Next: 30%
Magic:  0/8        EV: 12    Int: 14    God:
Gold:   237        SH:  0    Dex: 11    Spells: 5/8 levels left

rFire    + . .     SeeInvis .     - Unarmed
rCold    . . .     Faith    .   (no shield)
rNeg     . . .     Spirit   +   (armour unavailable)
rPois    .         Reflect  .   (helmet restricted)
rElec    .         Harm     .   p - scarf {+Inv}
rCorr    .         Rampage  .   (no gloves)
MR       +....                  g - +1 pair of boots
Stlth    +.........             a - amulet of guardian spirit
HPRegen  0.13/turn              n - ring of protection from fire
MPRegen  0.11/turn              b - ring of protection from magic

@: no status effects
A: unfitting armour, cold-blooded, AC +5
a: Evoke Invisibility


You were on level 4 of the Dungeon.
You visited 1 branch of the dungeon, and saw 4 of its levels.

You collected 237 gold pieces.

Inventory:

Armour
 g - a +1 pair of boots (worn)
 p - a scarf of invisibility (worn)
Jewellery
 a - an amulet of guardian spirit (around neck)
 b - a ring of protection from magic (right hand)
 c - an uncursed ring of positive energy
 j - an uncursed amulet of faith
 n - a ring of protection from fire (left hand)
 o - a +6 ring of dexterity {unknown}
Scrolls
 f - 2 scrolls of blinking
 l - a scroll of identify
Potions
 d - 2 potions of lignification
 e - 2 potions of flight
 h - a potion of curing
 i - a potion of stabbing {unknown}
 k - a potion of heal wounds {unknown}
 m - a potion of invisibility {unknown}


   Skills:
 - Level 1.1 Fighting
 - Level 1.7 Dodging
 + Level 4.2 Unarmed Combat
 - Level 2.0 Spellcasting
 * Level 4.7 Transmutations


You had 5 spell levels left.
You knew the following spells:

 Your Spells              Type           Power        Failure   Level
a - Beastly Appendage     Tmut           ##....       3%          1
b - Wereblood             Tmut           ##......     5%          2

Your spell library contained the following spells:

 Spells                   Type           Power        Failure   Level
 Spider Form              Tmut/Pois      #.........   26%         3
 Ice Form                 Ice/Tmut       #.......     65%         4
 Blade Hands              Tmut           ##........   67%         5


Dungeon Overview and Level Annotations

Branches:
Dungeon (4/15)
 Temple: D:4-7

Altars:
Gozag
Vehumet

Annotations:
D:3 1 exclusion, Grinder


Innate Abilities, Weirdness & Mutations

Your plain brown scales are hard. (AC +5)
You cannot fit into any form of body armour.
You are cold-blooded and may be slowed by cold attacks.


Message History

The gnoll hits you from afar with a +0 spear.
* * * LOW HITPOINT WARNING * * *
The gnoll shaman misses you.
The gnoll hits you from afar with a +0 spear!
* * * LOW HITPOINT WARNING * * *
Okay, then.
Press: ? - help, Dir - move target cursor
As you read the scroll of blinking, it crumbles to dust.
Your horns disappear.
Your talons disappear.
Your +1 pair of boots unmelds from your body.
The gnoll barely misses you. The gnoll closely misses you.
The gnoll hits you but does no damage. The gnoll closely misses you.
The gnoll hits you from afar with a +0 spear.
* * * LOW HITPOINT WARNING * * *
There is a stone staircase leading up here.
The gnoll closely misses you.
The gnoll hits you from afar with a +0 spear!
You die...

##..............#
#...#........##.##
#...#......####..#
##...##..#### ##.#
#....##### #.#
##....# #.#
#..gg.# ##g##
#.....# ##...#
......# #@...#
......# #....#
......# .....#
......# ###..##
.....(# #..#
......# ..##
......## .##
........ ........


You could see a gnoll (fast).

Vanquished Creatures
  An orc priest (D:4)
  An orc wizard (D:4)
  2 gnolls (D:4)
  An adder (D:2)
  An ooze (D:3)
  A worm (D:2)
  2 dart slugs
  3 leopard geckos
  3 orcs (D:4)
  11 bats
  4 giant cockroaches
  6 goblins
  10 hobgoblins
  4 jackals (D:2)
  6 kobolds
  A quokka (D:3)
  8 frilled lizards
  10 rats
75 creatures vanquished.

Notes
Turn   | Place    | Note
-------+----------+-------------------------------------------
     0 | D:1      | dmitrys the Draconian Transmuter began the quest for the
                  | Orb.
     0 | D:1      | Reached XP level 1. HP: 16/16 MP: 3/3
   141 | D:1      | Reached XP level 2. HP: 23/23 MP: 5/5
   477 | D:1      | Reached XP level 3. HP: 28/28 MP: 4/6
  1622 | D:3      | Reached XP level 4. HP: 35/35 MP: 5/7
  1666 | D:3      | Learned a level 2 spell: Wereblood
  1748 | D:3      | Found a radiant altar of Vehumet.
  1788 | D:3      | Noticed Grinder
  1797 | D:3      | Paralysed by Grinder for 4 turns
  2098 | D:3      | Found an opulent altar of Gozag.
  2347 | D:3      | Paralysed by Grinder for 5 turns
  2525 | D:4      | Reached XP level 5. HP: 16/40 MP: 0/8
  2986 | D:4      | HP: 2/40 [gnoll/+0 spear (9)]
  3011 | D:4      | HP: 2/40 [gnoll/+0 spear (3)]
  3013 | D:4      | Slain by a gnoll

Illustrated notes

Levels and vault maps discovered:
D:1:      dpeg_arrival_three_same_balls, layout_basic
D:2:      layout_basic
D:3:      layout_basic, nicolae_overflow_crystal_walls, vehumet_crystals,
          wander_ebering_terrifying_dragon_lair, uniq_grinder
D:4:      layout_cave_pods

Skill      XL: |  1  2  3  4 |
---------------+-------------+-----
Transmutations | 3 4 |  4.7
Unarmed Combat | 4 |  4.2
Fighting       | |  1.1
Dodging        | |  1.7
Spellcasting   | |  2.0

Action                   |  1- 3 |  4- 6 || total
-------------------------+-------+-------++-------
Melee: Unarmed           |   127 |    79 ||   206
       Kick              |    31 |    22 ||    53
       Tailslap          |    13 |     6 ||    19
       Headbutt          |     5 |     4 ||     9
       Punch             |     1 |       ||     1
 Cast: Beastly Appendage |    30 |    15 ||    45
       Wereblood         |       |     2 ||     2
  Use: Scroll            |     6 |     3 ||     9
Armor: Skin              |    42 |    30 ||    72
Dodge: Dodged            |    75 |    52 ||   127

Table legend: (Time is in decaauts)
 A = Elapsed time spent in this place.
 B = Non-inter-level travel time spent in this place.
 C = Inter-level travel time spent in this place.
 D = Time resting spent in this place.
 E = Time spent auto-exploring this place.
 F = Levels seen in this place.
 G = Mean time per level.
                   A        B        C        D        E       F      G
               +--------+--------+--------+--------+--------+-----+--------+
         Total |   2995 |   2941 |     54 |    559 |   1627 |   4 |  748.8 |
       Dungeon |   2995 |   2941 |     54 |    559 |   1627 |   4 |  748.8 |
               +--------+--------+--------+--------+--------+-----+--------+

Top non-repeatable levels by time:
     D:2: 863 daAuts
     D:1: 834 daAuts
     D:3: 657 daAuts
     D:4: 640 daAuts
